 Dungeon Crawl Stone Soup version 0.29-a0-1047-g7c58e119a4 (webtiles) character file.

Game seed: 6459384379577160245

63 Zonian the Chiller (level 4, -7/21 HPs)
             Began as a Vine Stalker Ice Elementalist on Aug 17, 2022.
             Killed from afar by an orc wizard (8 damage)
             ... with a magic dart
             ... on level 3 of the Dungeon.
             The game lasted 00:02:55 (2775 turns).

Zonian the Chiller (Vine Stalker Ice Elementalist)  Turns: 2775, Time: 00:02:56

Health: -7/21      AC:  2    Str: 11    XL:     4   Next: 9%
Magic:  0/9        EV: 12    Int: 17    God:
Gold:   70         SH:  0    Dex: 14    Spells: 4/8 levels left

rFire   . . .      SeeInvis .   j - +0 short sword
rCold   . . .      Faith    .   (no shield)
rNeg    . . .      Spirit   +   a - +0 robe
rPois   .          Reflect  .   (no helmet)
rElec   .          Harm     .   (no cloak)
rCorr   .          Rampage  .   (no gloves)
Will    .....                   (no boots)
Stlth   ++........              (no amulet)
HPRegen 0.87/turn               (no ring)
MPRegen 0.11/turn               (no ring)

@: no status effects
A: fangs 2, regeneration 1, magic shield, antimagic bite, no potion heal 2
a: no special abilities


You were on level 3 of the Dungeon.
You visited 1 branch of the dungeon, and saw 3 of its levels.

You collected 70 gold pieces.

Inventory:

Hand Weapons
 d - a +0 spear
 j - a +0 short sword (weapon)
Armour
 a - a +0 robe (worn)
Scrolls
 c - a scroll of teleportation {unknown}
 f - a scroll of vulnerability {unknown}
 g - 4 scrolls of identify {unknown}
 h - 3 scrolls of summoning {unknown}
 i - a scroll of enchant armour {unknown}
Potions
 b - 2 potions of magic
 e - a potion of berserk rage {unknown}
 k - a potion of attraction {unknown}
 l - a potion of flight {unknown}


   Skills:
 - Level 2.1 Dodging
 * Level 3.6 Stealth
 + Level 2.9 Spellcasting
 + Level 4.3 Ice Magic


You had 4 spell levels left.
You knew the following spells:

 Your Spells              Type           Power      Damage    Failure   Level
a - Freeze                Ice            68%        1d8       3%          1
b - Frozen Ramparts       Ice            34%        1d6       9%          3

Your spell library contained the following spells:

 Spells                   Type           Power      Damage    Failure   Level
 Ozocubu's Armour         Ice            17%        N/A       9%          3
 Hailstorm                Conj/Ice       9%         3d4       58%         4


Dungeon Overview and Level Annotations

Branches:
Dungeon (3/15)

Altars:

Shops:
D:1 :   D:2 (


Innate Abilities, Weirdness & Mutations

You have extremely sharp teeth.
Your natural rate of healing is unusually fast.
When hurt, damage is shared between your health and your magic reserves.
Your bite disrupts and absorbs the magic of your enemies.
Potions cannot restore your health.


Message History

The orc priest is moderately wounded.
The orc priest hits you with a +0 dagger of holy wrath.
Unknown command.
You barely miss the orc priest.
The orc priest is moderately wounded.
The orc priest hits you with a +0 dagger of holy wrath.
You hit the orc priest. You bite the orc priest. You drain its power.
You feel invigorated.
The orc priest is severely wounded.
The orc priest hits you with a +0 dagger of holy wrath.
Unknown command.
You freeze the orc wizard!
The orc wizard is heavily wounded.
The orc wizard gestures at you while chanting.
The magic dart hits you.
You freeze the orc wizard.
The orc wizard is severely wounded.
The orc wizard hits you with a +0 dagger.
You freeze the orc wizard.
The orc wizard is almost dead.
The orc priest calls upon Beogh to heal the orc wizard.
The orc wizard is healed somewhat.
The orc wizard points at you and mumbles some strange words.
The magic dart hits you.
Unknown command.
You are out of magic!
You are out of magic!
Unknown command.
You barely miss the orc wizard.
The orc wizard is heavily wounded.
The orc wizard barely misses you.
You hit the orc wizard. Your bite misses the orc wizard.
The orc wizard is severely wounded.
The orc priest invokes the aid of Beogh against you.
Beogh smites you!
Ouch! That really hurt!
* * * LOW HITPOINT WARNING * * *
The orc wizard casts a spell at you. The magic dart hits you!
You die... #.........# ... +.........+ ... ......... #.# ....... ##.## ..S.. ... ooo

#.# #o# ####.####
#@# #.......####
#.#
#.##.##....###.####
#.##..............#
#<#####....#......#
#.# #.#####...#.#
#.# #.# ##.##.# #..
..# ### . ### ####
#


You could see an orc priest, an orc wizard, an adder and 2 orcs.

Vanquished Creatures
  3 adders (D:2)
  A worm (D:2)
  3 endoplasms
  A giant cockroach (D:3)
  3 goblins
  A hobgoblin (D:1)
  2 jackals (D:1)
  4 ball pythons
  11 bats
  A frilled lizard (D:1)
  2 rats (D:2)
32 creatures vanquished.

Notes
Turn   | Place    | Note
-------+----------+-------------------------------------------
     0 | D:1      | Zonian the Vine Stalker Ice Elementalist began the quest
                  | for the Orb.
     0 | D:1      | Reached XP level 1. HP: 9/9 MP: 4/4
   227 | D:1      | Reached XP level 2. HP: 8/13 MP: 1/6
   500 | D:1      | Found Achet's Book Shop.
   733 | D:1      | Found a faded altar of an unknown god.
  1764 | D:2      | Reached XP level 3. HP: 13/16 MP: 3/7
  1916 | D:2      | Learned a level 3 spell: Frozen Ramparts
  2212 | D:2      | Gained mutation: Your natural rate of healing is unusually
                  | fast. [Vine Stalker growth]
  2212 | D:2      | Reached XP level 4. HP: 19/21 MP: 4/9
  2544 | D:2      | Found Haddom's Weapon Boutique.
  2775 | D:3      | HP: 1/21 [orc priest/divine providence (12)]
  2775 | D:3      | Killed from afar by an orc wizard

Illustrated notes

Levels and vault maps discovered:
D:1:      lemuel_arrival_room, layout_basic, serial_shops, shop_statue,
          shapermc_ecumenical_altar_notcrosses, minmay_misc_feat_five
D:2:      layout_basic, serial_shops, nicolae_shop_bloodbath_and_beyond,
          serial_aquarium, aquarium_bridge_square [aquarium_subvault_bridge,
          aquarium_subvault_wall, aquarium_subvault_balcony,
          aquarium_subvault_bridge], aquarium_window_1,
          aquarium_window_corridor_3, aquarium_view_2d, aquarium_view_2c,
          aquarium_balcony_3a, aquarium_pool_2, hex_intersection,
          small_statue_intersection
D:3:      layout_loops_corners, wad_orctagon

Skill      XL: |  1  2 |
---------------+-------+-----
Stealth        | 3 |  3.6
Dodging        | 2 |  2.1
Spellcasting   | |  2.9
Ice Magic      | |  4.3

Action                   |  1- 3 |  4- 6 || total
-------------------------+-------+-------++-------
Melee: Spear             |    80 |     1 ||    81
       Bite              |    14 |     4 ||    18
       Unarmed           |     2 |       ||     2
       Short sword       |       |    24 ||    24
 Cast: Freeze            |    20 |     5 ||    25
 Stab: Sleeping          |     9 |       ||     9
Armor: Robe              |    24 |     7 ||    31
Dodge: Dodged            |    58 |    16 ||    74

Table legend: (Time is in decaauts)
 A = Elapsed time spent in this place.
 B = Non-inter-level travel time spent in this place.
 C = Inter-level travel time spent in this place.
 D = Time resting spent in this place.
 E = Time spent auto-exploring this place.
 F = Levels seen in this place.
 G = Mean time per level.
                   A        B        C        D        E       F      G
               +--------+--------+--------+--------+--------+-----+--------+
         Total |   2785 |   2680 |    105 |    697 |   1643 |   3 |  928.3 |
       Dungeon |   2785 |   2680 |    105 |    697 |   1643 |   3 |  928.3 |
               +--------+--------+--------+--------+--------+-----+--------+

Top non-repeatable levels by time:
     D:1: 1574 daAuts
     D:2: 1157 daAuts
     D:3: 53 daAuts
